HSSL
BILLINGS WEST HS GOLDEN BEARS @ NEWPORT NEWS HS PAINTS
05/12/2028
 
TOP OF THE 1ST
Billings West HS Golden Bears batting - Pitching for Newport News HS Paints : RHP Randy Rivera
Pitching: RHP Randy Rivera
Batting: RHB Larry Olson 0-0: Called Strike
0-1: Called Strike
0-2: Strikes out swinging
Batting: SHB Christian Goodwin 0-0: Swinging Strike
0-1: Ball
1-1: Reached on error, E5 (Groundball, 5S)
Batting: LHB David Trent 0-0: Called Strike
0-1: Ball
1-1: Ball
2-1: Reached on error, E5 (Groundball, 2L)
Christian Goodwin to second
Batting: LHB Carter Coleman 0-0: Ball
1-0: Foul Ball, location: 2F
1-1: Ball
2-1: Called Strike
2-2: Foul Ball, location: 2F
2-2: Foul Ball, location: 2F
2-2: Foul Ball, location: 2F
2-2: Foul Ball, location: 2F
2-2: Fly out, F9 (Flyball, 9S)
Batting: LHB Alberto Pérez 0-0: Called Strike
0-1: Called Strike
0-2: Strikes out swinging
Top of the 1st over - 0 run(s), 0 hit(s), 2 error(s), 2 left on base; Billings West HS 0 - Newport News HS 0
BOTTOM OF THE 1ST
Newport News HS Paints batting - Pitching for Billings West HS Golden Bears : LHP Greg Younger
Pitching: LHP Greg Younger
Batting: RHB John Graham 0-0: Swinging Strike
0-1: Ball
1-1: Ground out 6-3 (Groundball, 6)
Batting: LHB Mark Wilson 0-0: Ball
1-0: Foul Ball, location: 2F
1-1: Swinging Strike
1-2: Strikes out swinging
Batting: RHB Steve Cooper 0-0: Called Strike
0-1: Called Strike
0-2: Ball
1-2: Ball
2-2: Foul Ball, location: 2F
2-2: Fly out, F2 (Popup, 13S)
Bottom of the 1st over - 0 run(s), 0 hit(s), 0 error(s), 0 left on base; Billings West HS 0 - Newport News HS 0
TOP OF THE 2ND
Billings West HS Golden Bears batting - Pitching for Newport News HS Paints : RHP Randy Rivera
Batting: RHB Rod Zamora 0-0: Ball
1-0: Ball
2-0: Fly out, F6 (Line Drive, 6)
Batting: RHB Curt Sinclair 0-0: Ball
1-0: Fly out, F6 (Popup, 6D)
Batting: LHB Millard Mays 0-0: Foul Ball, location: 2F
0-1: Ball
1-1: Swinging Strike
1-2: Strikes out swinging
Top of the 2nd over - 0 run(s), 0 hit(s), 0 error(s), 0 left on base; Billings West HS 0 - Newport News HS 0
BOTTOM OF THE 2ND
Newport News HS Paints batting - Pitching for Billings West HS Golden Bears : LHP Greg Younger
Batting: RHB Arthur Wilson 0-0: SINGLE (Groundball, 56D)
Batting: LHB Howard Anderson 0-0: Ball
1-0: Ball
2-0: Ball
3-0: Called Strike
3-1: Foul Ball, location: 2F
3-2: Strikes out swinging
Batting: RHB Brian Hoover 0-0: Ball
1-0: Ball
2-0: Foul Ball, location: 2F
2-1: Called Strike
2-2: Strikes out looking
Batting: LHB Juan Ángel 0-0: Ball
1-0: Ball
2-0: SINGLE (Line Drive, 7S)
Arthur Wilson to second
Batting: RHB Todd McDaniel 0-0: Foul Ball, location: 2F
0-1: Reached via error on a dropped throw, E6
Arthur Wilson to third
Juan Ángel to second
Batting: RHB Lee Boswell 0-0: Called Strike
0-1: Ball
1-1: GRAND SLAM HOME RUN (Flyball, 78XD), Distance : 437 ft
Batting: RHB John Graham 0-0: Fly out, F8 (Flyball, 78M)
Bottom of the 2nd over - 4 run(s), 3 hit(s), 1 error(s), 0 left on base; Billings West HS 0 - Newport News HS 4
TOP OF THE 3RD
Billings West HS Golden Bears batting - Pitching for Newport News HS Paints : RHP Randy Rivera
Batting: LHB Manuel Camacho 0-0: Called Strike
0-1: Ball
1-1: Ball
2-1: Ground out 6-3 (Groundball, 6)
Batting: RHB Larry Olson 0-0: Ball
1-0: Ball
2-0: Ball
3-0: Called Strike
3-1: SINGLE (Line Drive, 8LS)
Batting: SHB Christian Goodwin 0-0: Ball
1-0: Called Strike
1-1: SINGLE (Groundball, 4S) (infield hit)
Larry Olson to second
Batting: LHB David Trent 0-0: Called Strike
Larry Olson steals 3rd base
Christian Goodwin to second
0-1: Ball
1-1: Swinging Strike
1-2: Foul Ball, location: 2F
1-2: Ball
2-2: Foul Ball, location: 2F
2-2: Ball
3-2: Strikes out swinging
Batting: LHB Carter Coleman 0-0: Ball
1-0: Fly out, F9 (Flyball, 9)
Top of the 3rd over - 0 run(s), 2 hit(s), 0 error(s), 2 left on base; Billings West HS 0 - Newport News HS 4
BOTTOM OF THE 3RD
Newport News HS Paints batting - Pitching for Billings West HS Golden Bears : LHP Greg Younger
Batting: LHB Mark Wilson 0-0: Foul Ball, location: 2F
0-1: Foul Ball, location: 2F
0-2: Ball
1-2: Ball
2-2: Fly out, F2 (Popup, 3S)
Batting: RHB Steve Cooper 0-0: Called Strike
0-1: Foul Ball, location: 2F
0-2: Strikes out looking
Batting: RHB Arthur Wilson 0-0: Foul Ball, location: 2F
0-1: Ball
1-1: Swinging Strike
1-2: Ball
2-2: Foul Ball, location: 2F
2-2: Ball
3-2: Foul Ball, location: 2F
3-2: Base on Balls
Batting: LHB Howard Anderson 0-0: Ball
1-0: Called Strike
1-1: Ball
2-1: Foul Ball, location: 2F
2-2: Ground out 4-3 (Groundball, 34)
Bottom of the 3rd over - 0 run(s), 0 hit(s), 0 error(s), 1 left on base; Billings West HS 0 - Newport News HS 4
TOP OF THE 4TH
Billings West HS Golden Bears batting - Pitching for Newport News HS Paints : RHP Randy Rivera
Batting: LHB Alberto Pérez 0-0: Called Strike
0-1: Ball
1-1: Ball
2-1: Swinging Strike
2-2: Foul Ball, location: 2F
2-2: Ball
3-2: Ground out 4-3 (Groundball, 34)
Batting: RHB Rod Zamora 0-0: Called Strike
0-1: Ground out 6-3 (Groundball, 6)
Batting: RHB Curt Sinclair 0-0: Ball
1-0: Called Strike
1-1: Ball
2-1: DOUBLE (Flyball, 89M)
Batting: LHB Millard Mays 0-0: Ball
1-0: Called Strike
1-1: Foul Ball, location: 2F
1-2: Ball
2-2: Strikes out looking
Top of the 4th over - 0 run(s), 1 hit(s), 0 error(s), 1 left on base; Billings West HS 0 - Newport News HS 4
BOTTOM OF THE 4TH
Newport News HS Paints batting - Pitching for Billings West HS Golden Bears : LHP Greg Younger
Batting: RHB Brian Hoover 0-0: Ball
1-0: Ball
2-0: Ball
3-0: Called Strike
3-1: Base on Balls
Batting: LHB Juan Ángel 0-0: Ball
1-0: Foul Ball, location: 2F
1-1: Ball
2-1: Fly out, F4 (Line Drive, 4)
Batting: RHB Todd McDaniel 0-0: SINGLE (Groundball, 6MD)
Brian Hoover to second
Throwing error, E8
Brian Hoover scores
Todd McDaniel to second
Batting: RHB Lee Boswell 0-0: Ball
1-0: Reached on error, E6 (Groundball, 6)
Todd McDaniel scores
Batting: RHB John Graham 0-0: Called Strike
0-1: Swinging Strike
0-2: Foul Ball, location: 2F
0-2: Ball
1-2: Ball
2-2: Ball
3-2: Base on Balls
Batting: LHB Mark Wilson 0-0: Ball
1-0: Ball
2-0: Swinging Strike
2-1: Ball
3-1: Called Strike
3-2: Strikes out swinging
Pitching: RHP Tim Hunter
Batting: RHB Steve Cooper 0-0: Foul Ball, location: 2F
0-1: Ball
1-1: Called Strike
1-2: Strikes out swinging
Bottom of the 4th over - 2 run(s), 1 hit(s), 2 error(s), 2 left on base; Billings West HS 0 - Newport News HS 6
TOP OF THE 5TH
Billings West HS Golden Bears batting - Pitching for Newport News HS Paints : RHP Randy Rivera
Batting: LHB Manuel Camacho 0-0: Ball
1-0: Called Strike
1-1: Ball
2-1: SINGLE (Groundball, 4MD)
Batting: RHB Larry Olson 0-0: Ball
1-0: Ball
2-0: Ball
3-0: Base on Balls
Manuel Camacho to second
Batting: SHB Christian Goodwin 0-0: Foul Ball, location: 2F
0-1: Ball
1-1: Foul Ball, location: 2F
1-2: Foul Ball, location: 2F
1-2: Ball
2-2: Fly out, F9 (Flyball, 9S)
Pitching: RHP Roland Johns
Batting: LHB David Trent 0-0: Ball
1-0: Ball
2-0: Foul Ball, location: 2F
2-1: Called Strike
2-2: Ball
3-2: Foul Ball, location: 2F
3-2: Foul Ball, location: 2F
3-2: Base on Balls
Manuel Camacho to third
Larry Olson to second
Batting: LHB Carter Coleman 0-0: Ball
1-0: Ball
2-0: DOUBLE (Flyball, 7D)
Manuel Camacho scores
Larry Olson scores
David Trent to third
Batting: LHB Alberto Pérez 0-0: Foul Ball, location: 2F
0-1: Ball
1-1: Foul Ball, location: 2F
1-2: Ball
2-2: Strikes out looking
Batting: RHB Rod Zamora 0-0: Called Strike
0-1: Ball
1-1: Ball
2-1: Foul Ball, location: 2F
2-2: Ball
3-2: Base on Balls
Batting: RHB Curt Sinclair 0-0: Called Strike
0-1: Called Strike
0-2: Ball
1-2: Foul Ball, location: 2F
1-2: Foul Ball, location: 2F
1-2: Fly out, F8 (Flyball, 8LM)
Top of the 5th over - 2 run(s), 2 hit(s), 0 error(s), 3 left on base; Billings West HS 2 - Newport News HS 6
BOTTOM OF THE 5TH
Newport News HS Paints batting - Pitching for Billings West HS Golden Bears : RHP Tim Hunter
Batting: RHB Arthur Wilson 0-0: Called Strike
0-1: Foul Ball, location: 2F
0-2: Ball
1-2: Foul Ball, location: 2F
1-2: Ball
2-2: DOUBLE (Line Drive, 89D)
Batting: LHB Howard Anderson 0-0: Fly out, F8 (Flyball, 8LD)
Batting: RHB Brian Hoover 0-0: Ball
1-0: Ball
2-0: Ball
3-0: Called Strike
3-1: Base on Balls
Batting: LHB Juan Ángel 0-0: SINGLE (Groundball, 3L) (infield hit)
Arthur Wilson to third
Brian Hoover to second
Batting: RHB Todd McDaniel 0-0: Called Strike
0-1: Called Strike
0-2: Strikes out looking
Batting: RHB Lee Boswell 0-0: Called Strike
0-1: Swinging Strike
0-2: SINGLE (Line Drive, 56)
Arthur Wilson scores
Brian Hoover to third
Juan Ángel to second
Runner from 3rd tries for Home, SAFE, no throw
Batting: RHB John Graham 0-0: Called Strike
0-1: Ball
1-1: Ground out U3 (Groundball, 3)
Bottom of the 5th over - 2 run(s), 3 hit(s), 0 error(s), 2 left on base; Billings West HS 2 - Newport News HS 8
TOP OF THE 6TH
Billings West HS Golden Bears batting - Pitching for Newport News HS Paints : RHP Roland Johns
Batting: LHB Millard Mays 0-0: Ball
1-0: Ball
2-0: Ball
3-0: Called Strike
3-1: Foul Ball, location: 2F
3-2: Base on Balls
Batting: LHB Manuel Camacho 0-0: Ball
1-0: Swinging Strike
1-1: Ball
2-1: Ball
3-1: Base on Balls
Millard Mays to second
Batting: RHB Larry Olson 0-0: Fly out, F8 (Flyball, 78M)
Batting: SHB Christian Goodwin 0-0: Ball
1-0: Ball
2-0: Swinging Strike
2-1: Swinging Strike
2-2: Ball
3-2: Strikes out swinging
Batting: LHB David Trent 0-0: Ball
1-0: Called Strike
1-1: Ball
2-1: Foul Ball, location: 2F
2-2: Ball
3-2: Strikes out swinging
Top of the 6th over - 0 run(s), 0 hit(s), 0 error(s), 2 left on base; Billings West HS 2 - Newport News HS 8
BOTTOM OF THE 6TH
Newport News HS Paints batting - Pitching for Billings West HS Golden Bears : RHP Tim Hunter
Batting: LHB Mark Wilson 0-0: Ball
1-0: Ground out 4-3 (Groundball, 4S)
Batting: RHB Steve Cooper 0-0: Called Strike
0-1: Ball
1-1: Ball
2-1: Foul Ball, location: 2F
2-2: Ball
3-2: Strikes out swinging
Batting: RHB Arthur Wilson 0-0: Called Strike
0-1: Called Strike
0-2: Strikes out swinging
Bottom of the 6th over - 0 run(s), 0 hit(s), 0 error(s), 0 left on base; Billings West HS 2 - Newport News HS 8
TOP OF THE 7TH
Billings West HS Golden Bears batting - Pitching for Newport News HS Paints : RHP Roland Johns
Pitching: RHP Juan Flores
Batting: LHB Carter Coleman 0-0: Ball
1-0: Ball
2-0: Ball
3-0: Base on Balls
Batting: LHB Alberto Pérez 0-0: SINGLE (Line Drive, 4)
Carter Coleman to second
Batting: RHB Rod Zamora 0-0: Ball
1-0: Ball
2-0: Ball
3-0: Called Strike
3-1: SINGLE (Groundball, 56D)
Carter Coleman to third
Alberto Pérez to second
Batting: RHB Curt Sinclair 0-0: Ball
1-0: Ball
2-0: Foul Ball, location: 2F
2-1: Called Strike
2-2: Fly out, F8 (Flyball, 8LS)
Batting: LHB Millard Mays 0-0: Ball
1-0: Called Strike
1-1: Swinging Strike
1-2: Strikes out swinging
Batting: LHB Manuel Camacho 0-0: Ball
1-0: Foul Ball, location: 2F
1-1: Reached on error, E4 (Groundball, 4)
Carter Coleman scores
Alberto Pérez to third
Rod Zamora to second
Batting: RHB Larry Olson 0-0: Foul Ball, location: 2F
0-1: Ball
1-1: Swinging Strike
1-2: Ball
2-2: Single, Error in OF, E7, batter to second base
Alberto Pérez scores
Rod Zamora scores
Manuel Camacho to third
Pitching: RHP Leonardo Castillo
Batting: SHB Christian Goodwin 0-0: Called Strike
0-1: Ball
1-1: Ball
2-1: Ball
3-1: Base on Balls
Batting: LHB David Trent 0-0: Called Strike
0-1: Called Strike
0-2: Strikes out swinging
Top of the 7th over - 3 run(s), 3 hit(s), 2 error(s), 3 left on base; Billings West HS 5 - Newport News HS 8
BOTTOM OF THE 7TH
Newport News HS Paints batting - Pitching for Billings West HS Golden Bears : RHP Tim Hunter
Pitching: RHP Abel Walker
Batting: LHB Howard Anderson 0-0: Ball
1-0: Hit by Pitch
Batting: RHB Brian Hoover 0-0: Bunted foul
0-1: Bunted foul
0-2: Strikes out swinging
Batting: LHB Juan Ángel 0-0: Ball
1-0: Ball
2-0: Called Strike
2-1: Ball
3-1: Foul Ball, location: 2F
3-2: Fielders Choice at 2nd, 4-6 (Groundball, 4M)
Batting: RHB Todd McDaniel 0-0: Ball
1-0: Ball
2-0: Called Strike
2-1: Foul Ball, location: 2F
2-2: Ball
3-2: Strikes out swinging
Bottom of the 7th over - 0 run(s), 0 hit(s), 0 error(s), 1 left on base; Billings West HS 5 - Newport News HS 8
TOP OF THE 8TH
Billings West HS Golden Bears batting - Pitching for Newport News HS Paints : RHP Leonardo Castillo
Batting: LHB Carter Coleman 0-0: Called Strike
0-1: Ball
1-1: Foul Ball, location: 2F
1-2: Foul Ball, location: 2F
1-2: SINGLE (Flyball, 8RS)
Pitching: LHP Jesús Quintana
Batting: LHB Alberto Pérez 0-0: Ball
1-0: Ball
2-0: Fly out, F2 (Popup, 13S)
Pitching: RHP Robby Robinson
Batting: RHB Rod Zamora 0-0: Ball
1-0: Grounds into double play, 6-4-3 (Groundball, 6)
Top of the 8th over - 0 run(s), 1 hit(s), 0 error(s), 0 left on base; Billings West HS 5 - Newport News HS 8
BOTTOM OF THE 8TH
Newport News HS Paints batting - Pitching for Billings West HS Golden Bears : RHP Abel Walker
Batting: RHB Lee Boswell 0-0: Ball
1-0: Called Strike
1-1: Ball
2-1: Ball
3-1: Swinging Strike
3-2: Strikes out looking
Batting: RHB John Graham 0-0: Swinging Strike
0-1: Called Strike
0-2: Ball
1-2: Strikes out swinging
Batting: LHB Mark Wilson 0-0: Fly out, F9 (Line Drive, 9)
Bottom of the 8th over - 0 run(s), 0 hit(s), 0 error(s), 0 left on base; Billings West HS 5 - Newport News HS 8
TOP OF THE 9TH
Billings West HS Golden Bears batting - Pitching for Newport News HS Paints : RHP Robby Robinson
Pitching: RHP Sacha Ouellet
Batting: RHB Curt Sinclair 0-0: Fly out, F9 (Flyball, 89S)
Batting: LHB Millard Mays 0-0: Called Strike
0-1: Foul Ball, location: 2F
0-2: Strikes out looking
Batting: LHB Manuel Camacho 0-0: Called Strike
0-1: Ball
1-1: Swinging Strike
1-2: Ball
2-2: Foul Ball, location: 2F
2-2: Ball
3-2: Base on Balls
Batting: RHB Larry Olson 0-0: Called Strike
0-1: Ball
1-1: Ball
2-1: Foul Ball, location: 2F
2-2: Ball
3-2: Base on Balls
Manuel Camacho to second
Batting: SHB Christian Goodwin 0-0: Ball
1-0: Ground out 4-3 (Groundball, 4D)
Top of the 9th over - 0 run(s), 0 hit(s), 0 error(s), 2 left on base; Billings West HS 5 - Newport News HS 8
Tuesday, August 8th, 2017 - OOTP Baseball 17.12 Build 75